 Dungeon Crawl Stone Soup version 0.31.0-11-ge490571c62 (webtiles) character file.

Game seed: 8821027903877737208

91 monsoonserge the Chopper (level 4, 0/37 HPs)
             Began as a Draconian Reaver on Feb 1, 2024.
             Was a Follower of Wu Jian.
             Slain by Grinder (8 damage)
             ... while paralysed by Grinder
             ... on level 3 of the Dungeon.
             The game lasted 00:06:04 (2126 turns).

monsoonserge the Chopper (Draconian Reaver)         Turns: 2126, Time: 00:06:04

Health: 0/37       AC:  5    Str: 19    XL:     4   Next: 33%
Magic:  7/7        EV:  2    Int: 15    God:    Wu Jian [*.....]
Gold:   210        SH:  0    Dex:  7    Spells: 6/7 levels left

rFire   . . .        p - +3 mace "Jael" {spect, Fly rElec Str+5 Dex-3}
rCold   . . .        q - +0 buckler
rNeg    . . .        (body armour unavailable)
rPois   +            (helmet restricted)
rElec   +            (no cloak)
rCorr   +            (no gloves)
SInv    .            (no boots)
Will    .....        (no amulet)
Stlth   +            c - ring of poison resistance
HPRegen 0.26/turn    f - ring of resist corrosion
MPRegen 0.10/turn

%: no passive effects
@: paralysed, flying
A: AC +5, unfitting armour, cold-blooded
a: Renounce Religion


You were on level 3 of the Dungeon.
You worshipped Wu Jian.
Wu Jian was aware of your devotion.
You visited 1 branch of the dungeon, and saw 3 of its levels.

You collected 210 gold pieces.

Inventory:

Hand Weapons
 p - the +3 mace "Jael" (weapon) {spect, Fly rElec Str+5 Dex-3}
   (You found it on level 2 of the Dungeon)

   Str+5:     It affects your strength (+5).
   Dex-3:     It affects your dexterity (-3).
   rElec:     It insulates you from electricity.
   Fly:       It grants you flight.
Armour
 q - a +0 buckler (worn)
Jewellery
 c - a ring of poison resistance (left hand)
 f - a ring of resist corrosion (right hand)
Scrolls
 b - 4 scrolls of identify {unknown}
 e - a scroll of brand weapon {unknown}
 g - 2 scrolls of teleportation {unknown}
 h - 2 scrolls of fear {unknown}
 j - a scroll of blinking {unknown}
 k - a scroll of enchant weapon {unknown}
 l - a scroll of revelation {unknown}
 n - a scroll of acquirement {unknown}
 o - a scroll of immolation {unknown}
Potions
 a - a potion of heal wounds {unknown}
 d - 3 potions of curing
 i - a potion of ambrosia
 m - a potion of magic {unknown}
 r - a potion of attraction {unknown}


   Skills:
 + Level 2.7 Fighting
 - Level 4.1 Axes
 + Level 0.3(2.5) Maces & Flails
 + Level 2.1 Dodging
 + Level 0.2 Stealth
 - Level 2.0 Spellcasting
 + Level 3.4 Conjurations
 * Level 0.8 Necromancy


You had 6 spell levels left.
You knew the following spells:

 Your Spells              Type           Power      Damage    Failure   Level
a - Kiss of Death         Conj/Necr      32%        2d7       12%         1

Your spell library contained the following spells:

 Spells                   Type           Power      Damage    Failure   Level
 Momentum Strike          Conj/Tloc      12%        3d8       22%         2
 Hailstorm                Conj/Ice       6%         3d5       38%         3
 Fugue of the Fallen      Necr           4%         N/A       52%         3
 Ozocubu's Armour         Ice            1%         N/A       63%         3
 Tukima's Dance           Hex            1%         N/A       63%         3
 Iskenderun's Mystic Bla  Conj/Tloc      6%         2d4       80%         4
 Dimensional Bullseye     Hex/Tloc       0%         N/A       95%         4
 Manifold Assault         Tloc           1%         N/A       95%         4


Dungeon Overview and Level Annotations

Branches:
Dungeon (3/15)

Altars:
Wu Jian

Annotations:
D:2 1 runed translucent door, Crazy Yiuf
D:3 Grinder


Innate Abilities, Weirdness & Mutations

Your plain brown scales are hard. (AC +5)
You cannot fit into any form of body armour.
You are cold-blooded and may be slowed by cold attacks.


Message History

The Council accepts your kill.
You see here a +0 club.
Found a spear.
There is a stone staircase leading down here.
Grinder comes into view.
Grinder gestures at you. Pain shoots through your body!
There is a stone staircase leading down here.
Okay, then.
You lunge at Grinder.
You hit Grinder.
Grinder is lightly wounded.
Your +3 mace "Jael" {spect, Fly rElec Str+5 Dex-3} closely misses Grinder.
Grinder hits you!
You writhe in agony.
There is a stone staircase leading down, spattered with blood here.
Unknown command.
You barely miss Grinder.
Grinder is lightly wounded.
Your +3 mace "Jael" {spect, Fly rElec Str+5 Dex-3} completely misses Grinder.
Grinder hits you.
You writhe in agony.
You closely miss Grinder.
Grinder is lightly wounded.
Your +3 mace "Jael" {spect, Fly rElec Str+5 Dex-3} closely misses Grinder.
Grinder gestures at you. Pain shoots through your body!
Unknown command.
You sock Grinder!
Grinder is moderately wounded.
Your +3 mace "Jael" {spect, Fly rElec Str+5 Dex-3} hits Grinder!
Grinder gestures at you.
You suddenly lose the ability to move!
Grinder gestures at you.
You barely resist.
Your +3 mace "Jael" {spect, Fly rElec Str+5 Dex-3} disappears.
Grinder hits you!
* * * LOW HITPOINT WARNING * * *
You writhe in agony.
* * * LOW HITPOINT WARNING * * *
Grinder hits you!
You die...
Grinder says, "Now the real fun starts!"

......### #..#
........####.#
......#......#####
.................#
..............##.###
).............# ..#
..............# ##.######.
..............###.........
.............)..@5.#######
..............####.#
#.....#.....#.# ..).
###..).#####..........
.....#### ###...5....#
#### #..........
#........## #........#


You could see Grinder.

Vanquished Creatures
  An adder (D:2)
  3 dart slugs (D:1)
  4 ribbon worms (D:2)
  6 ball pythons
  4 endoplasms
  3 giant cockroaches
  8 hobgoblins
  3 jackals (D:1)
  14 kobolds
  2 quokkas
  4 bats
  3 frilled lizards
  3 goblins
  4 rats
62 creatures vanquished.

Notes
Turn   | Place    | Note
-------+----------+-------------------------------------------
     0 | D:1      | monsoonserge the Draconian Reaver began the quest for the
                  | Orb.
     0 | D:1      | Reached XP level 1. HP: 17/17 MP: 3/3
   131 | D:1      | Reached XP level 2. HP: 24/24 MP: 5/5
   450 | D:1      | Reached XP level 3. HP: 30/30 MP: 6/6
  1226 | D:2      | Reached skill level 4 in Axes
  1352 | D:2      | Reached XP level 4. HP: 19/37 MP: 7/7
  1435 | D:2      | Found a runed translucent door.
  1436 | D:2      | Noticed Crazy Yiuf
  1500 | D:2      | Found a faded altar of an unknown god.
  1516 | D:2      | Prayed at the altar of an unknown god.
  1516 | D:2      | Became a worshipper of the Wu Jian Council
  1516 | D:2      | Reached * piety under Wu Jian
  1530 | D:2      | Identified the +3 mace "Jael" {spect, Fly rElec Str+5
                  | Dex-3}
  2113 | D:3      | Noticed Grinder
  2124 | D:3      | Paralysed by Grinder for 3 turns
  2126 | D:3      | Slain by Grinder

Illustrated notes

Levels and vault maps discovered:
D:1:      amcnicky_arrival_wind_blow, layout_loops_cross, dk_noncrumbling_4,
          kennysheep_pointless_box, chequers_big_river, minmay_hedge_maze
D:2:      layout_basic, basic_ecumenical_altar, serial_forest,
          infiniplex_forest_lined_room_, infiniplex_forest_lined_3,
          infiniplex_forest_zigzag_2, infiniplex_forest_clump_small,
          infiniplex_forest_end_1, infiniplex_forest_lined_3_way,
          infiniplex_forest_clump_tiny, infiniplex_forest_clump_small,
          infiniplex_forest_end_double, uniq_crazy_yiuf_cottage
D:3:      layout_rooms, mainiacjoe_overflow_large_starburst,
          portal_sewer_entry_f, chequers_jeans, kennysheep_generic_room_6,
          uniq_grinder

Skill      XL: |  1  2  3 |
---------------+----------+-----
Dodging        | 2 |  2.1
Axes           | 4 |  4.1
Fighting       | |  2.7
Maces & Flails | |  0.3
Stealth        | |  0.2
Spellcasting   | |  2.0
Conjurations   | |  3.4
Necromancy     | |  0.8

Action                     |  1- 3 |  4- 6 || total
---------------------------+-------+-------++-------
  Melee: Hand axe          |   152 |     1 ||   153
         Tailslap          |    13 |     4 ||    17
         Mace              |       |    35 ||    35
         Punch             |       |     1 ||     1
Ability: Lunge             |       |     8 ||     8
    Use: Potion            |     2 |       ||     2
 Armour: Skin              |    86 |    18 ||   104
  Dodge: Dodged            |   120 |    13 ||   133
